 Dungeon Crawl Stone Soup version 0.31-a0-188-g5e087ee2ca (webtiles) character file.

Game seed: 57815671253649548

81 qw the Shooter (level 4, -2/25 HPs)
             Began as a Deep Elf Hunter on June 23, 2023.
             Slain by an orc
             ... wielding a +0 flail
              (3 damage)
             ... on level 3 of the Dungeon.
             The game lasted 00:00:40 (1630 turns).

qw the Shooter (Deep Elf Hunter)                    Turns: 1630, Time: 00:00:40

Health: -2/25      AC:  7    Str: 10    XL:     4   Next: 20%
Magic:  6/6        EV:  9    Int: 14    God:
Gold:   112        SH:  0    Dex: 18    Spells: 3/3 levels left

rFire   . . .        Y - +0 shortbow
rCold   . . .        (shield currently unavailable)
rNeg    . . .        n - +0 scale mail
rPois   .            e - +0 helmet
rElec   .            (no cloak)
rCorr   .            (no gloves)
SInv    .            (no boots)
Will    .....        (no amulet)
Stlth   +            (no ring)
HPRegen 0.24/turn    (no ring)
MPRegen 0.10/turn

%: no passive effects
@: about to teleport
A: no striking features
a: no special abilities


You were on level 3 of the Dungeon.
You visited 1 branch of the dungeon, and saw 3 of its levels.

You collected 112 gold pieces.


   Skills:
 - Level 1.5 Fighting
 + Level 7.6 Ranged Weapons
 - Level 2.4 Dodging
 - Level 1.2 Stealth


You had 3 spell levels left.
You didn't know any spells.
Your spell library was empty.

Inventory:

Hand Weapons
 Y - a +0 shortbow (weapon)
Armour
 e - a +0 helmet (worn)
 n - a +0 scale mail (worn)
Scrolls
 b - a scroll of teleportation
 i - a scroll of identify
Potions
 d - a potion of curing
 j - a potion of ambrosia {unknown}
 k - a potion of mutation {unknown}
 l - a potion of might {unknown}
 o - a potion of invisibility {unknown}
 p - a potion of degeneration {unknown}

Dungeon Overview and Level Annotations

Branches:
Dungeon (3/15)

Altars:
Uskayaw


Message History

You shoot an arrow.
The arrow hits the orc but does no damage.
You shoot an arrow. The arrow closely misses the orc.
You hear a shout!
An orc comes into view. It is wielding a +0 flail.
The orc priest looks satisfied for a moment.
An orc comes into view. It is wielding a +0 whip.
The orc barely misses you.
A hobgoblin comes into view.
You shoot an arrow.
The arrow hits the orc but does no damage.
The orc throws a boomerang.
The boomerang hits you but does no damage.
The orc closely misses you.
The orc priest hits you but does no damage.
You shoot an arrow. The arrow barely misses the orc.
The orc hits you with a +0 dagger.
The orc throws a boomerang.
The boomerang hits you.
The orc priest hits you but does no damage.
You shoot an arrow.
The arrow hits the orc but does no damage.
The orc hits you but does no damage. The orc priest closely misses you.
The orc barely misses you. The orc hits you but does no damage.
You shoot an arrow. The arrow hits the orc.
The orc is heavily wounded.
The orc barely misses you. The orc closely misses you.
You shoot an arrow. The arrow closely misses the orc.
The hobgoblin misses you. The orc hits you with a +0 dagger.
The orc closely misses you.
You shoot an arrow. The arrow barely misses the orc.
The orc hits you with a +0 dagger. The hobgoblin barely misses you.
The orc hits you but does no damage. x2; The hobgoblin hits you.
The orc priest mumbles some strange prayers to Beogh against you.
Beogh smites you!
1630 ||| READING 2 scrolls of teleportation.
As you read the scroll of teleportation, it crumbles to dust.
You feel strangely unstable.
The hobgoblin hits you but does no damage.
The orc hits you with a +0 whip. The orc hits you with a +0 flail.
You die...

# # .} ### }. ..# . #.#
#8 ..# .# ### .#
#################g#.#...
...............)@o.>.#
#################o#..#
##### o# # ....# o#
###.# .. .<#.# ## ###.#
....# #####


You could see an orc priest, 3 orcs and a hobgoblin.

Vanquished Creatures
  A gnoll (D:1)
  An adder (D:2)
  A worm (D:3)
  A dart slug (D:1)
  An orc (D:3)
  4 ball pythons
  6 bats
  An endoplasm (D:3)
  2 giant cockroaches (D:1)
  6 goblins
  2 hobgoblins
  8 jackals (D:1)
  3 quokkas
  4 frilled lizards
  5 kobolds
  7 rats
53 creatures vanquished.

Notes
Turn   | Place    | Note
-------+----------+-------------------------------------------
     0 | D:1      | qw the Deep Elf Hunter began the quest for the Orb.
     0 | D:1      | Reached XP level 1. HP: 12/12 MP: 3/3
     0 | D:1      | 0 ||| qw: Version: 0.3-a-9-g12657ce
     0 | D:1      | 0 ||| qw: Game counter: 3899
     0 | D:1      | 0 ||| qw: Always use a shield: true
     0 | D:1      | 0 ||| qw: God list: Okawaru
     0 | D:1      | 0 ||| qw: Allow faded altars: false
     0 | D:1      | 0 ||| qw: Do Orc after D:15 true
     0 | D:1      | 0 ||| qw: Do second Lair branch before Depths: true
     0 | D:1      | 0 ||| qw: Lair rune preference: random
     0 | D:1      | 0 ||| qw: Plans: Normal
     0 | D:1      | 0 ||| PLANNING D:1-11
    63 | D:1      | Reached skill level 6 in Ranged Weapons
    63 | D:1      | Reached XP level 2. HP: 13/16 MP: 4/4
   230 | D:1      | Reached XP level 3. HP: 20/20 MP: 5/5
   526 | D:1      | Reached skill level 7 in Ranged Weapons
   735 | D:1      | Found a hide-covered altar of Uskayaw.
   744 | D:1      | 744 ||| UPGRADING to +0 helmet.
   749 | D:1      | 749 ||| UPGRADING to +0 scale mail.
   759 | D:1      | 759 ||| DROPPING +0 leather armour.
   760 | D:1      | 760 ||| READING scroll labelled ECAGAEPODD.
   761 | D:1      | 761 ||| READING scroll labelled MUUFUTR PITACU.
   762 | D:1      | 762 ||| READING 4 scrolls labelled EDOSIL KA SEA.
   763 | D:1      | 763 ||| READING scroll labelled ZUIPLAGOLU.
   766 | D:1      | 766 ||| READING scroll labelled MEUNKECHI.
   767 | D:1      | 767 ||| READING 3 scrolls of identify.
   767 | D:1      | 767 ||| IDENTIFYING silvery potion
   768 | D:1      | 768 ||| READING 2 scrolls of identify.
   768 | D:1      | 768 ||| IDENTIFYING fuming grey potion
   769 | D:1      | 769 ||| DROPPING scroll of butterflies.
   770 | D:1      | 770 ||| DROPPING potion of brilliance.
   771 | D:1      | 771 ||| DROPPING potion of berserk rage.
   965 | D:2      | Identified the +0 robe "Offullah" {Rampage *Corrode Int+2}
  1022 | D:2      | Reached XP level 4. HP: 25/25 MP: 6/6
  1373 | D:2      | 1373 ||| DROPPING +0 robe "Offullah" {Rampage *Corrode
                  | Int+2}.
  1374 | D:2      | 1374 ||| READING 2 scrolls labelled ZERYB IKUM.
  1375 | D:2      | 1375 ||| READING 2 scrolls of identify.
  1375 | D:2      | 1375 ||| IDENTIFYING fuming orange potion
  1376 | D:2      | 1376 ||| DROPPING scroll of vulnerability.
  1629 | D:3      | HP: 2/25 [orc priest/divine providence (11)]
  1630 | D:3      | 1630 ||| READING 2 scrolls of teleportation.
  1630 | D:3      | Slain by an orc

Levels and vault maps discovered:
D:1:      dpeg_arrival_water_altar, layout_basic, serial_forest,
          infiniplex_forest_lined_1, infiniplex_forest_straight_3,
          infiniplex_forest_fountain, infiniplex_forest_lined_3_way,
          infiniplex_forest_lined_3_way, infiniplex_forest_pool,
          infiniplex_forest_join
D:2:      layout_basic
D:3:      layout_basic, shapermc_ecumenical_altar_venn, minmay_misc_feat_tiny,
          nicolae_figureground_sparkle, uniq_grinder

Skill      XL: |  1  2  3 |
---------------+----------+-----
Ranged Weapons | 6 7 |  7.6
Fighting       | |  1.5
Dodging        | |  2.4
Stealth        | |  1.2

Action                     |  1- 3 |  4- 6 || total
---------------------------+-------+-------++-------
   Fire: Shortbow          |    89 |    38 ||   127
    Use: Scroll            |     7 |     3 ||    10
 Armour: Leather armour    |     4 |       ||     4
         Scale mail        |       |    12 ||    12
  Dodge: Dodged            |    11 |    10 ||    21

Table legend:
 A = Non-vault XP
 B = Vault XP
 C = Vault XP percentage of total XP
 D = Non-vault monster count
 E = Vault monster count
 F = Vault count percentage of total count
                 A         B        C        D         E       F
            +---------+---------+-------+---------+---------+-------
      Total |     117 |       0 |   0.0 |      53 |       0 |   0.0
            +---------+---------+-------+---------+---------+-------
        D:1 |      74 |       0 |   0.0 |      35 |       0 |   0.0
        D:2 |      27 |       0 |   0.0 |      10 |       0 |   0.0
        D:3 |      16 |       0 |   0.0 |       8 |       0 |   0.0
            +---------+---------+-------+---------+---------+-------
